 Dungeon Crawl Stone Soup version 0.30-a0-639-g3916f1956a (webtiles) character file.

Game seed: 11336454352383014192

654 bande the Chopper (level 7, -8/44 HPs)
             Began as a Gargoyle Fighter on Jan 16, 2023.
             Mangled by a wight
             ... wielding a +3 halberd
              (9 damage)
             ... on level 4 of the Dungeon.
             The game lasted 00:06:34 (3983 turns).

bande the Chopper (Gargoyle Fighter)                Turns: 3983, Time: 00:06:34

Health: -8/44      AC: 19    Str: 20    XL:     7   Next: 54%
Magic:  7/7        EV:  5    Int:  8    God:
Gold:   287        SH:  5    Dex: 11    Spells: 6/6 levels left

rFire   . . .      SeeInvis .    a - +1 war axe
rCold   . . .      Faith    .    c - +0 buckler
rNeg    + . .      Spirit   .    u - +0 plate armour
rPois   ∞          Reflect  .    (no helmet)
rElec   +          Harm     .    (no cloak)
rCorr   .          Rampage  .    b - +1 pair of gloves
Will    .....                    (no boots) Stlth
                                 (no amulet)
HPRegen 0.27/turn                (no ring)
MPRegen 0.10/turn                (no ring)

@: no status effects
A: sickness immunity, AC +4, negative energy resistance 1, electricity
resistance, torment resistance 1, petrification resistance
a: no special abilities


You were on level 4 of the Dungeon.
You visited 1 branch of the dungeon, and saw 4 of its levels.
You also visited: Sewer.

You collected 287 gold pieces.

Inventory:

Hand Weapons
 a - a +1 war axe (weapon)
Armour
 b - a +1 pair of gloves (worn)
 c - a +0 buckler (worn)
 u - a +0 plate armour (worn)
Scrolls
 e - 3 scrolls of magic mapping
 f - 2 scrolls of identify
 g - 2 scrolls of enchant armour
 k - 2 scrolls of poison
 w - a scroll of blinking
Potions
 d - a potion of might
 h - 2 potions of heal wounds
 i - a potion of mutation
 j - 2 potions of haste
 m - 2 potions of magic
 o - 2 potions of curing
 p - a potion of brilliance
 x - 5 potions of flight


   Skills:
 + Level 4.7 Fighting
 + Level 5.5 Axes
 + Level 5.0 Armour
 + Level 4.4 Shields


You had 6 spell levels left.
You didn't know any spells.
Your spell library contained the following spells:

 Spells                   Type           Power      Damage    Failure   Level
 Ensorcelled Hibernation  Hex/Ice        0%         N/A       100%        2
 Frozen Ramparts          Ice            0%         1d1       100%        3
 Spider Form              Tmut/Pois      0%         N/A       100%        3
 Anguish                  Hex/Necr       0%         N/A       100%        4
 Ice Form                 Ice/Tmut       0%         N/A       100%        4
 Summon Ice Beast         Ice/Summ       0%         N/A       100%        4
 Conjure Ball Lightning   Conj/Air       0%         3x3d6     100%        6
 Discord                  Hex            0%         N/A       100%        8
 Disjunction              Tloc           0%         N/A       100%        8


Dungeon Overview and Level Annotations

Branches:
Dungeon (4/15)              Sewer (visited)
 Temple: D:4-7

Altars:
Yredelemnul

Shops:
D:1 [


Innate Abilities, Weirdness & Mutations

You are immune to sickness and miasma.
Your stone body is resilient. (AC +4)
You are immune to poison.
You resist negative energy. (rN+)
You are resistant to electric shocks. (rElec)
You are resistant to unholy torment.
You are immune to petrification.


Message History

You block the wight's attack.
You hit the wight.
The wight is severely damaged.
You block the wight's attack. The wight barely misses you.
You hit the wight but do no damage.
The wight is severely damaged.
The wight hits you but does no damage. The wight completely misses you.
You hit the wight but do no damage.
The wight is severely damaged.
The wight hits you with a +4 hand axe.
The wight hits you from afar with a +0 halberd.
You slash the wight!
You destroy the wight!
The wight hits you from afar with a +0 halberd.
The wight hits you from afar with a +0 halberd!
A wight comes into view. It is wielding a +3 halberd.
The wight hits you but does no damage.
Things that are here:
a +4 hand axe; a +0 robe You barely miss the wight.
The wight hits you but does no damage.
You barely miss the wight. The wight hits you with a +0 halberd!
You are too injured to fight recklessly!
You are too injured to fight recklessly!
You are too injured to fight recklessly!
You are too injured to fight recklessly!
You are too injured to fight recklessly!
You are too injured to fight recklessly!
You are too injured to fight recklessly!
You are too injured to fight recklessly!
You hit the wight but do no damage. The wight barely misses you.
The wight hits you from afar with a +3 halberd!
* * * LOW HITPOINT WARNING * * *
The wight hits you from afar with a +3 halberd.
* * * LOW HITPOINT WARNING * * *
The wight hits you with a +0 halberd.
* * * LOW HITPOINT WARNING * * *
You barely miss the wight. The wight hits you with a +0 halberd.
* * * LOW HITPOINT WARNING * * *
The wight hits you from afar with a +3 halberd!
You die...

###.###.####.......#####.*
#. ....###.# ##.#..### #.*
#. ##...##.#
*.#...,****#.* ##.
.......## *,.,,,,,,,,..*
#.. .....###
***.,,,**,###* #.# ###.##
*##*,*#.##*** #.# #.#
*,....,,,* #.#
#.##############z.#,***,*
#.# #.............@z..#,*
*,* #.#
#.############......# *,*
#.# #.# *#.###..# *,* #.#
#.# *..# *,.# *,#####.#
#.# *..#**,** *,#......
#.# #...,,,***#...#####
#.# #.##,,,,,,..,,* ###
**#.#**
#.*********,,,#####
*,,,,,* *,* *,*,+.._.


You could see 2 wights.

Vanquished Creatures
  Grinder (D:3)
  An ogre (D:4)
  A wight (D:4)
  Jessica (D:3)
  Terence (D:3)
  A gnoll (D:3)
  11 adders
  5 river rats
  3 worms
  2 dart slugs
  2 orcs (D:3)
  10 endoplasms
  8 giant cockroaches
  7 goblins
  5 hobgoblins
  A jackal (Sewer)
  5 quokkas
  11 ball pythons
  15 bats
  5 frilled lizards
  3 kobolds
  10 rats
109 creatures vanquished.

Vanquished Creatures (others)
  2 plants (D:2)
  4 toadstools (D:2)
6 creatures vanquished.

Grand Total: 115 creatures vanquished

Notes
Turn   | Place    | Note
-------+----------+-------------------------------------------
     0 | D:1      | bande the Gargoyle Fighter began the quest for the Orb.
     0 | D:1      | Reached XP level 1. HP: 14/14 MP: 1/1
    25 | D:1      | Found Zidghemok's Antique Armour Shop.
   192 | D:1      | Reached XP level 2. HP: 13/19 MP: 2/2
   429 | D:1      | Reached XP level 3. HP: 23/23 MP: 3/3
  1113 | D:2      | Reached XP level 4. HP: 28/29 MP: 4/4
  1204 | D:2      | Found a faded altar of an unknown god.
  1799 | D:3      | Identified the +1 leather armour of Wu Jian's Outrage
                  | {Slay+2}
  2067 | D:3      | Noticed Terence
  2086 | D:3      | Killed Terence
  2131 | D:3      | Identified the +1 leather armour "Latam" {-Tele rF+ rC++
                  | Stlth+}
  2150 | D:3      | Noticed Jessica
  2152 | D:3      | Noticed Grinder
  2163 | D:3      | Killed Jessica
  2163 | D:3      | Paralysed by Grinder for 3 turns
  2164 | D:3      | Reached XP level 5. HP: 15/33 MP: 5/5
  2173 | D:3      | Killed Grinder
  2174 | D:3      | Reached XP level 6. HP: 12/38 MP: 6/6
  2907 | D:4      | Found a glowing drain.
  2929 | Sewer    | Entered a sewer
  3021 | Sewer    | Reached XP level 7. HP: 44/44 MP: 7/7
  3126 | Sewer    | Reached skill level 5 in Axes
  3733 | D:4      | Found a basalt altar of Yredelemnul.
  3884 | D:4      | Reached skill level 5 in Armour
  3983 | D:4      | HP: 1/44 [wight/+0 halberd (4)]
  3983 | D:4      | Mangled by a wight

Illustrated notes

Levels and vault maps discovered:
D:1:      dpeg_arrival_pond, layout_basic, serial_shops, nicolae_shop_crystal
D:2:      layout_loops_corners, nicolae_ecumenical_lake_church,
          grunt_ministairs_7, serial_bayou_pond_b, minmay_gold_behind_fungi,
          roderic_cross_of_infinity, minmay_tetromino_o4
D:3:      minmay_razor_zed, layout_basic, kennysheep_generic_room_7,
          uniq_grinder, uniq_terence, uniq_jessica
D:4:      layout_loops_ring, lemuel_doored_altar, portal_sewer_entry_c,
          serial_shops, nicolae_shop_advertising_works
          [nicolae_subvault_shop_adworks], minmay_crystal_room

Skill      XL: |  1  2  3  4  5  6  7 |
---------------+----------------------+-----
Axes           | 2 3 4 5 |  5.5
Fighting       | 4 |  4.7
Armour         | 4 5 |  5.0
Shields        | 4 |  4.4

Action                   |  1- 3 |  4- 6 |  7- 9 || total
-------------------------+-------+-------+-------++-------
Melee: War axe           |    99 |   170 |    91 ||   360
  Use: Scroll            |       |     1 |    16 ||    17
Armor: Scale mail        |    63 |    72 |       ||   135
       Plate armour      |       |    23 |    79 ||   102
Dodge: Dodged            |    53 |    74 |    30 ||   157
Block: Buckler           |    30 |    36 |    37 ||   103

Table legend: (Time is in decaauts)
 A = Elapsed time spent in this place.
 B = Non-inter-level travel time spent in this place.
 C = Inter-level travel time spent in this place.
 D = Time resting spent in this place.
 E = Time spent auto-exploring this place.
 F = Levels seen in this place.
 G = Mean time per level.
                   A        B        C        D        E       F      G
               +--------+--------+--------+--------+--------+-----+--------+
         Total |   4341 |   4255 |     86 |    298 |   2883 |   5 |  868.2 |
       Dungeon |   3322 |   3236 |     86 |    298 |   2249 |   4 |  830.5 |
         Sewer |   1018 |   1018 |      0 |      0 |    633 |   1 | 1018.0 |
               +--------+--------+--------+--------+--------+-----+--------+

Top non-repeatable levels by time:
     D:3: 1201 daAuts
   Sewer: 1018 daAuts
     D:2: 918 daAuts
     D:1: 852 daAuts
     D:4: 349 daAuts
